 Dungeon Crawl Stone Soup version 0.28-a0-1406-ga8dd43b1d0 (webtiles) character file.

Game seed: 9830453210348174221

17576 MacCMillion the Demolition Demonspawn (level 12, -3/100 HPs)
             Began as a Demonspawn Fighter on Jan 6, 2022.
             Was an Elder of Makhleb.
             Slain by an unseen horror (5 damage)
             ... on level 12 of the Dungeon.
             The game lasted 00:48:33 (15639 turns).

MacCMillion the Demolition Demonspawn (DsFi)       Turns: 15639, Time: 00:48:33

Health: -3/100     AC: 11    Str: 29    XL:     12   Next: 20%
Magic:  22/22      EV: 15    Int:  9    God:    Makhleb [****..]
Gold:   579        SH:  6    Dex: 21    Spells: 11/11 levels left

rFire   . . .      SeeInvis .   A - +4 short sword
rCold   . . .      Faith    .   c - +0 buckler
rNeg    . . .      Spirit   .   b - +0 scale mail
rPois   .          Reflect  .   (helmet restricted)
rElec   .          Harm     .   v - +0 cloak of an ossuary {Dex+5}
rCorr   .          Rampage  .   w - +0 pair of gloves
Will    .....                   Z - +0 pair of boots
Stlth   +++.......              M - amulet of regeneration
HPRegen 1.06/turn               F - +4 ring of slaying
MPRegen 0.18/turn               y - +6 ring of strength

@: about to teleport
A: horns 2, thin skeletal structure 2, demonic guardian 3, ignite blood 1
a: Renounce Religion, Minor Destruction, Lesser Servant of Makhleb, Major
Destruction


You were on level 12 of the Dungeon.
You worshipped Makhleb.
Makhleb was greatly pleased with you.
You visited 2 branches of the dungeon, and saw 14 of its levels.
You also visited: Ossuary.

You collected 734 gold pieces.
You spent 155 gold pieces at shops.

Inventory:

Hand Weapons
 m - a +3 dagger of venom
 A - a +4 short sword (weapon)
 W - a +4 falchion
Missiles
 f - 37 poisoned darts (quivered)
 O - 8 javelins
 Q - 3 throwing nets
Armour
 b - a +0 scale mail (worn)
 c - a +0 buckler (worn)
 g - +0 acid dragon scales
 v - the +0 cloak of an ossuary (worn) {Dex+5}
   (You found it on level 5 of the Dungeon)

   Dex:       It affects your dexterity (+5).
 w - a +0 pair of gloves (worn)
 Z - a +0 pair of boots (worn)
Jewellery
 u - a ring of resist corrosion
 y - a +6 ring of strength (right hand)
 B - a ring of protection from fire
 F - a +4 ring of slaying (left hand)
 M - an amulet of regeneration (around neck)
 R - a ring of willpower
Wands
 E - a wand of iceblast (10)
 H - a wand of paralysis (10)
Scrolls
 e - 2 scrolls of blinking
 i - 3 scrolls of magic mapping
 j - 2 scrolls of fog
 k - a scroll of immolation
 l - 3 scrolls of vulnerability
 o - a scroll of silence
 p - 7 scrolls of teleportation
 s - 2 scrolls of enchant armour {unknown}
 z - 4 scrolls of amnesia
 T - a scroll of summoning {unknown}
 U - a scroll of fear {unknown}
 Y - 4 scrolls of noise
Potions
 d - 4 potions of might
 h - 4 potions of lignification
 n - 5 potions of heal wounds
 r - 5 potions of curing
 x - 5 potions of attraction
 D - 3 potions of berserk rage {unknown}
 I - 2 potions of degeneration {unknown}
 J - a potion of flight {unknown}
 K - 5 potions of brilliance
 L - a potion of haste {unknown}
 P - a potion of ambrosia {unknown}
 X - a potion of invisibility {unknown}


   Skills:
 + Level 11.5 Fighting
 + Level 8.3 Short Blades
 + Level 5.4 Armour
 + Level 7.4 Dodging
 - Level 1.0 Stealth
 - Level 4.0 Shields
 + Level 13.3 Invocations


You had 11 spell levels left.
You didn't know any spells.
Your spell library contained the following spells:

 Spells                   Type           Power      Damage    Failure   Level
 Sandblast                Erth           0%         2d4       71%         1
 Corpse Rot               Necr/Air       0%         N/A       85%         2
 Passwall                 Tmut/Erth      0%         N/A       85%         2
 Poisonous Vapours        Pois/Air       0%         N/A       85%         2
 Confusing Touch          Hex            0%         N/A       97%         3
 Dazzling Flash           Conj/Hex       0%         N/A       97%         3
 Frozen Ramparts          Ice            0%         1d2       97%         3
 Stone Arrow              Conj/Erth      0%         3d7       97%         3
 Dispel Undead            Necr           0%         3d6       100%        4
 Iskenderun's Mystic Bla  Conj/Tloc      0%         2d3       100%        4
 Fireball                 Conj/Fire      0%         3d3       100%        5
 Iskenderun's Battlesphe  Conj           0%         2d6       100%        5
 Summon Forest            Summ/Tloc      0%         N/A       100%        5
 Yara's Violent Unravell  Hex/Tmut       0%         3d3       100%        5
 Conjure Ball Lightning   Conj/Air       0%         3x3d6     100%        6
 Death Channel            Necr           0%         N/A       100%        6
 Eringya's Noxious Bog    Tmut/Pois      0%         N/A       100%        6
 Starburst                Conj/Fire      0%         6d3       100%        6
 Enfeeble                 Hex            0%         N/A       100%        7
 Orb of Destruction       Conj           0%         N/A       100%        7
 Summon Hydra             Summ           0%         N/A       100%        7
 Infestation              Necr           0%         N/A       100%        8


Dungeon Overview and Level Annotations

Branches:
Dungeon (13/15)            Temple (1/1) D:6            Lair (0/6) D:11
    Orc (0/2) D:11         Vaults (0/5) D:13        Ossuary (visited)

Altars:
Ashenzari
Cheibriados
Dithmenos
Elyvilon
Fedhas
Gozag
Hepliaklqana
Kikubaaqudgha
Makhleb
Nemelex Xobeh
Okawaru
Qazlal
Ru
Sif Muna
Trog
Uskayaw
Vehumet
Wu Jian
Xom
Yredelemnul
Zin
The Shining One

Shops:
D:4 !   D:6 *!   D:7 !   D:9 (   D:12 :

Annotations:
D:3 1 runed translucent door, Crazy Yiuf
D:11 Josephine
D:12 1 runed translucent door, IndexError's ghost, journeyman GnSu; Nessos


Innate Abilities, Weirdness & Mutations

You have a pair of horns on your head.
You have a moderately thin skeletal structure. (Dex +4, Stealth++)
A powerful demonic guardian rushes to your aid.
Your demonic aura sometimes causes spilled blood to erupt in flames.


Message History

Your smoke demon barely misses the +4 long sword.
The +4 long sword is engulfed in blazing flames.
The +4 long sword hits your smoke demon!!
The +4 long sword is engulfed in blazing flames.
The +4 long sword hits your smoke demon but does no damage.
Your smoke demon gestures at the +4 long sword.
The ball of steam hits the +4 long sword!
The +4 long sword resists.
The +4 long sword is engulfed in blazing flames.
The +4 long sword hits your smoke demon!
Your smoke demon dies!
Your smoke demon disappears in a puff of smoke!
The +4 long sword is engulfed in blazing flames.
Okay, then.
The +5 long sword hits you.
* * * LOW HITPOINT WARNING * * *
The +5 long sword hits you!
* * * LOW HITPOINT WARNING * * *
There is a stone staircase leading up, spattered with blood here.
As you read the scroll of teleportation, it crumbles to dust.
You feel strangely unstable. You block the +5 long sword's attack.
The +4 long sword hits you.
* * * LOW HITPOINT WARNING * * *
The +5 long sword hits you!
* * * LOW HITPOINT WARNING * * *
A demonic guardian appears!
You feel much better. The +4 long sword hits you.
* * * LOW HITPOINT WARNING * * *
You block the +5 long sword's attack. The +4 long sword hits you!
* * * LOW HITPOINT WARNING * * *
You block the +5 long sword's attack. The +4 long sword hits you!
* * * LOW HITPOINT WARNING * * *
The +5 long sword closely misses you.
You climb upwards.
Your summoned ally is left behind.
Level annotation: 1 runed translucent door, IndexError's ghost, journeyman GnSu; Nessos Something hits you.
* * * LOW HITPOINT WARNING * * *
Deactivating autopickup; reactivate with Ctrl-A.
Something hits you but does no damage. Something hits you.
You die...

##################
#................#
#................#
#................########
#.......................#
#.......................#
#.......................#
#...........(.#####'#...####
#..........@...8....#.......
######......(.......#.......
#.......∩......#..#####
#..............#..#
#.....8...<....#..#
#..............'..#
#......#.......#..#####
#......#.......#.......
#......#.......#.......


You could see 2 dancing weapons.

Vanquished Creatures
  Harold (D:9)
  A hydra (D:12)
  3 two-headed ogres
  An ugly thing (D:13)
  2 centaur zombies (D:11)
  A troll (D:11)
  4 slime creatures (D:12)
  A vampire (D:11)
  3 wraiths
  18 yaks
  5 wyverns
  A basilisk (D:10)
  2 vampire mosquitoes
  4 wargs (D:10)
  2 acid dragons
  2 water moccasins (D:11)
  3 ice beasts (D:7)
  3 orc warriors
  2 necrophages (D:6)
  A hornet zombie (D:6)
  4 black bears
  2 ogres (D:5)
  2 wolves (D:11)
  3 centaurs
  2 kobold brigands
  3 bullfrogs
  9 scorpions
  5 water moccasin zombies
  2 gnoll sergeants
  A wyvern skeleton (D:6)
  8 wights
  2 howler monkeys
  A gnoll shaman (D:9)
  3 hounds
  An orc priest (D:10)
  2 centaur skeletons
  3 iguanas
  Jessica (D:2)
  6 orc wizards
  A killer bee zombie (D:6)
  A hound zombie (D:5)
  2 hound skeletons
  2 mummies (Ossuary)
  A howler monkey zombie (D:9)
  5 adders
  9 gnolls
  A shadow imp (D:8)
  2 white imps
  An ufetubus (D:5)
  5 adder zombies (Ossuary)
  3 worms
  A dart slug (D:3)
  18 orcs
  8 bats
  6 endoplasms
  5 giant cockroaches
  3 gnoll zombies (Ossuary)
  4 goblins
  9 hobgoblins
  3 jackals (D:3)
  2 quokkas (D:2)
  10 ball pythons
  3 frilled lizards (D:1)
  2 hobgoblin zombies (Ossuary)
  A jackal zombie (D:8)
  14 kobolds
  5 kobold zombies (Ossuary)
  7 orc zombies (Ossuary)
  8 rats
  A rat zombie (D:8)
263 creatures vanquished.

Vanquished Creatures (collateral kills)
  A two-headed ogre (D:8)
  Urug (D:11)
  A manticore (D:12)
  Maurice (D:12)
  2 slime creatures (D:12)
  Prince Ribbit (D:9)
  2 yaks (D:5)
  A vampire mosquito (D:9)
  2 centaurs
  A phantom (D:4)
  5 gnolls
18 creatures vanquished.

Vanquished Creatures (others)
  2 fungi (D:11)
  20 plants (D:11)
22 creatures vanquished.

Grand Total: 303 creatures vanquished

Notes
Turn   | Place    | Note
-------+----------+-------------------------------------------
     0 | D:1      | MacCMillion the Demonspawn Fighter began the quest for the
                  | Orb.
     0 | D:1      | Reached XP level 1. HP: 18/18 MP: 1/1
   144 | D:1      | Gained mutation: You have a somewhat thin skeletal
                  | structure. (Dex +2, Stealth+) [demonic ancestry]
   144 | D:1      | Reached XP level 2. HP: 17/24 MP: 2/2
   862 | D:1      | Found a faded altar of an unknown god.
   983 | D:1      | Gained mutation: A weak demonic guardian rushes to your
                  | aid. [demonic ancestry]
   983 | D:1      | Reached XP level 3. HP: 29/29 MP: 3/3
  1605 | D:2      | Noticed Jessica
  1609 | D:2      | Killed Jessica
  1704 | D:2      | Gained mutation: Your demonic aura sometimes causes spilled
                  | blood to erupt in flames. [demonic ancestry]
  1704 | D:2      | Reached XP level 4. HP: 35/35 MP: 4/4
  2762 | D:3      | Gained mutation: You have a pair of small horns on your
                  | head. [demonic ancestry]
  2762 | D:3      | Reached XP level 5. HP: 38/41 MP: 5/5
  2990 | D:3      | Reached skill level 1 in Dodging
  3157 | D:3      | Reached skill level 1 in Stealth
  3434 | D:3      | Found a runed translucent door.
  3435 | D:3      | Noticed Crazy Yiuf
  3663 | D:4      | Noticed a phantom
  3674 | D:4      | Found Qurohoygg's Distillery.
  3697 | D:4      | HP: 2/42 [phantom (8)]
  3722 | D:4      | Killed a phantom
  3723 | D:4      | Gained mutation: A demonic guardian rushes to your aid.
                  | [demonic ancestry]
  3723 | D:4      | Reached XP level 6. HP: 4/48 MP: 6/6
  3730 | D:4      | Bought a potion of heal wounds for 50 gold pieces
  3730 | D:4      | Bought a potion of curing for 30 gold pieces
  4284 | D:4      | Found an ancient bone altar of Kikubaaqudgha.
  5143 | D:5      | Entered Level 5 of the Dungeon
  5279 | D:5      | Reached XP level 7. HP: 29/55 MP: 7/7
  5445 | D:5      | Identified the +0 cloak of an ossuary {Dex+5}
  5819 | D:5      | Noticed a yak
  5825 | D:5      | Noticed a yak
  5825 | D:5      | Noticed a yak
  5825 | D:5      | Noticed a yak
  5825 | D:5      | Noticed a yak
  5852 | D:5      | Killed a yak
  5853 | D:5      | Reached skill level 5 in Fighting
  5853 | D:5      | Killed a yak
  5854 | D:5      | Reached skill level 5 in Short Blades
  5854 | D:5      | Reached skill level 5 in Armour
  5856 | D:5      | Killed a yak
  5857 | D:5      | Gained mutation: You have a pair of horns on your head.
                  | [demonic ancestry]
  5857 | D:5      | Reached XP level 8. HP: 49/62 MP: 8/8
  6762 | D:6      | Found Kudy's Distillery.
  7525 | D:6      | Gained mutation: You have a moderately thin skeletal
                  | structure. (Dex +4, Stealth++) [demonic ancestry]
  7525 | D:6      | Reached XP level 9. HP: 75/75 MP: 9/9
  7745 | D:6      | Found a shadowy altar of Dithmenos.
  7914 | D:6      | Found Plog's Assorted Antiques.
  8316 | D:6      | Found a staircase to the Ecumenical Temple.
  8324 | Temple   | Entered the Ecumenical Temple
  8381 | Temple   | Became a worshipper of Makhleb the Destroyer
  8425 | D:6      | Bought a potion of heal wounds for 75 gold pieces
  8900 | D:7      | Found a broken altar of Ashenzari.
  9011 | D:7      | Found Faf Zieg's Distillery.
  9093 | D:7      | Found an opulent altar of Gozag.
  9279 | D:7      | Found a snail-covered altar of Cheibriados.
  9494 | D:8      | Found a sand-covered staircase.
  9524 | Ossuary  | Entered an ossuary
  9567 | Ossuary  | Reached * piety under Makhleb
  9626 | Ossuary  | Reached skill level 10 in Fighting
  9636 | Ossuary  | Reached skill level 1 in Invocations
  9834 | D:8      | Reached skill level 2 in Invocations
  9838 | D:8      | Noticed a two-headed ogre
  9838 | D:8      | Noticed a two-headed ogre
  9864 | D:8      | Killed a two-headed ogre
  9865 | D:8      | Reached skill level 3 in Invocations
  9865 | D:8      | Reached XP level 10. HP: 48/85 MP: 10/12
  9879 | D:8      | Killed a two-headed ogre
  9880 | D:8      | Reached skill level 5 in Invocations
 10025 | D:8      | Got the Incunabulum of the Glacier and Black Magic
 10117 | D:8      | Reached ** piety under Makhleb
 10780 | D:9      | Noticed Prince Ribbit
 10809 | D:9      | Noticed Harold
 10814 | D:9      | Killed Harold
 10815 | D:9      | Reached skill level 6 in Invocations
 10883 | D:9      | Killed Prince Ribbit
 10884 | D:9      | Reached skill level 5 in Dodging
 10884 | D:9      | Reached skill level 7 in Invocations
 11419 | D:9      | Found a hide-covered altar of Uskayaw.
 11477 | D:9      | Found Faryhue's Antique Weapon Shop.
 11530 | D:9      | Reached skill level 8 in Invocations
 11803 | D:9      | Found a shimmering blue altar of Sif Muna.
 11861 | D:9      | Reached skill level 9 in Invocations
 11897 | D:10     | Entered Level 10 of the Dungeon
 12138 | D:9      | Reached *** piety under Makhleb
 12139 | D:9      | Reached skill level 10 in Invocations
 12162 | D:10     | Noticed a two-headed ogre
 12338 | D:10     | Gained mutation: A powerful demonic guardian rushes to your
                  | aid. [demonic ancestry]
 12338 | D:10     | Reached XP level 11. HP: 90/90 MP: 18/18
 12370 | D:10     | Killed a two-headed ogre
 12371 | D:10     | Reached skill level 11 in Invocations
 12822 | D:10     | Found a blossoming altar of Fedhas.
 13033 | D:11     | Noticed Josephine
 13089 | D:11     | Found a staircase to the Orcish Mines.
 13089 | D:11     | Found a staircase to the Lair.
 13123 | D:11     | Noticed Urug
 13252 | D:11     | Killed Urug
 13253 | D:11     | Reached skill level 12 in Invocations
 13420 | D:11     | Noticed a two-headed ogre
 13862 | D:11     | Reached **** piety under Makhleb
 14083 | D:11     | Killed a two-headed ogre
 14268 | D:12     | Reached skill level 13 in Invocations
 14296 | D:12     | Found Gefuwk's Book Boutique.
 14330 | D:12     | Found a runed translucent door.
 14339 | D:12     | Reached XP level 12. HP: 72/100 MP: 21/21
 14431 | D:12     | Noticed an eight-headed hydra
 14439 | D:12     | Killed an eight-headed hydra
 14489 | D:12     | Noticed Nessos
 14824 | D:12     | Noticed Maurice
 14833 | D:12     | Killed Maurice
 15415 | D:12     | Noticed IndexError's ghost (journeyman GnSu)
 15624 | D:13     | Found a gate to the Vaults.
 15638 | D:13     | HP: 2/100 [+4 long sword (12)]
 15639 | D:12     | Slain by an unseen horror

Illustrated notes

Levels and vault maps discovered:
D:1:      sevenhm_arrival_forest_fort_large_1, layout_basic,
          ebering_ecumenical_altar_rust
D:2:      layout_loops_ring, uniq_jessica
D:3:      kennysheep_goblin_castle, layout_loops_ring, uniq_crazy_yiuf_cottage
D:4:      layout_basic, kiku_gazebo_pond_becter, serial_shops,
          nicolae_shop_statue_plus, nicolae_elevator_lobby_asterisk, uniq_robin
D:5:      minmay_inner_zag, layout_loops_corners
D:6:      minmay_recursive_quarters, layout_loops_corners,
          grunt_dithmenos_smoke, minmay_temple_entry_glass, serial_shops,
          nicolae_shop_crystal, shop_statue
D:7:      layout_cave_pools, grunt_gozag_breadcrumbs, kennysheep_mini,
          nicolae_ashenzari_panopticon, serial_shops, nicolae_shop_trees,
          minmay_holes
D:8:      kennysheep_blocky_room, layout_gridville,
          mainiacjoe_overflow_alcove_1, enter_ossuary_3
D:9:      layout_basic, kennysheep_little_box, mainiacjoe_overflow_alcove_4,
          serial_shops, nicolae_shop_hallway_stairs, uniq_prince_ribbit1,
          uniq_harold
D:10:     layout_rooms, fedhas_bush_and_centaur_altar, skrybe_limestone_x
D:11:     layout_stronghold, minmay_lair_entry_grove,
          minmay_orc_entry_guard_dogs, uniq_urug, uniq_josephine
D:12:     layout_irregular_city, ebering_ghost_reflecting_pool, serial_shops,
          nicolae_stop_n_shop_1, uniq_nessos, uniq_maurice
D:13:     layout_rooms, erik_vaults_1
Temple:   cyrus_circular_temple

Skill      XL: |  1  2  3  4  5  6  7  8  9 10 11 |
---------------+----------------------------------+-----
Armour         | 3 4 5 |  5.4
Short Blades   | 2 3 4 6 8 |  8.3
Shields        | 3 4 |  4.0
Dodging        | 1 2 5 7 |  7.4
Stealth        | 1 |  1.0
Fighting       | 4 5 8 10 11 | 11.5
Invocations    | 3 10 13 | 13.3

Action                   |  1- 3 |  4- 6 |  7- 9 | 10-12 || total
-------------------------+-------+-------+-------+-------++-------
Melee: Rapier            |    55 |       |       |       ||    55
       Dagger            |    35 |   164 |   119 |   167 ||   485
       Headbutt          |       |    23 |    81 |   115 ||   219
       Short sword       |       |       |   152 |   190 ||   342
Throw: Dart              |       |       |       |     2 ||     2
  Use: Scroll            |       |       |     1 |    12 ||    13
       Potion            |       |       |       |     1 ||     1
 Stab: Sleeping          |       |     1 |     6 |     6 ||    13
Armor: Scale mail        |    42 |    62 |    72 |    91 ||   267
Dodge: Dodged            |    36 |    58 |    93 |   187 ||   374
Block: Buckler           |    24 |    31 |    48 |    85 ||   188

Table legend: (Time is in decaauts)
 A = Elapsed time spent in this place.
 B = Non-inter-level travel time spent in this place.
 C = Inter-level travel time spent in this place.
 D = Time resting spent in this place.
 E = Time spent auto-exploring this place.
 F = Levels seen in this place.
 G = Mean time per level.
                   A        B        C        D        E       F      G
               +--------+--------+--------+--------+--------+-----+--------+
         Total |  15476 |  14675 |    801 |   2359 |   8953 |  15 | 1031.7 |
       Dungeon |  15183 |  14382 |    801 |   2359 |   8782 |  13 | 1167.9 |
        Temple |     64 |     64 |      0 |      0 |     34 |   1 |   64.0 |
       Ossuary |    228 |    228 |      0 |      0 |    137 |   1 |  228.0 |
               +--------+--------+--------+--------+--------+-----+--------+

Top non-repeatable levels by time:
     D:5: 1677 daAuts
     D:4: 1668 daAuts
     D:6: 1610 daAuts
     D:1: 1563 daAuts
     D:8: 1517 daAuts
    D:10: 1286 daAuts
     D:2: 1277 daAuts
    D:11: 1196 daAuts
     D:9: 999 daAuts
    D:12: 927 daAuts
     D:3: 887 daAuts
     D:7: 513 daAuts
 Ossuary: 228 daAuts
  Temple: 64 daAuts
    D:13: 56 daAuts
